AoeStats
← TM Caesar

Hideout

507127715Analyzed
1v1 RM · 17d ago on Sep 16, 2026· 50m 33s· 2 players
Game mode
Random Map
Map size
Tiny (2 player)
Population
200
Speed
Normal
Resources
Standard
Victory
Conquest
Starting age
Dark Age
Ending age
Imperial Age
RankedLock teamsTeams togetherTeam positionsShared explorationLock speedFull tech treeHidden civsTurbo modeCheats
Victory
Defeat
🇹🇷 Georgians · Türkiye
1855
+12
🇦🇷 Teutons · Argentina
1762
-12
YuYa_AoE
9:58 Feudal Age
12:30 Wheelbarrow
13:57 Castle Age
12:06 Horse Collar
12:18 Double-Bit Axe
13:11 Horse Collar
15:47 Bow Saw
19:10 Sanctity
22:38 Fletching
22:37 Pikeman
23:30 Bodkin Arrow
23:39 Gold Mining
23:36 Loom
24:34 Padded Archer Armor
25:24 Wheelbarrow
24:36 Town Watch
31:46 Imperial Age
30:11 Ballistics
30:20 Bloodlines
30:10 Husbandry
30:36 Leather Archer Armor
30:51 Scale Barding Armor
32:02 Masonry
32:06 Stone Mining
32:44 Bracer
33:55 Chemistry
33:50 Architecture
35:09 Conscription
34:43 Light Cavalry
35:27 Husbandry
36:52 Chain Barding Armor
36:43 Forging
36:10 Elite Skirmisher
38:17 Plate Barding Armor
38:04 Conscription
38:00 Aznauri Cavalry
37:44 Hussar
39:11 Parthian Tactics
38:06 Heavy Cavalry Archer
39:59 Iron Casting
41:58 Conscription
41:37 Guard Tower
42:59 Svan Towers
43:01 Aznauri Cavalry
44:01 Blast Furnace
44:01 Svan Towers
44:31 Hoardings
47:20 Pikeman
48:01 Squires
49:01 Halberdier
TM Caesar
9:56 Feudal Age
13:46 Castle Age
11:59 Horse Collar
12:19 Double-Bit Axe
14:54 Bow Saw
20:44 Heavy Plow
23:42 Wheelbarrow
24:18 Gold Mining
25:12 Hand Cart
26:08 Loom
27:18 Squires
30:27 Imperial Age
27:48 Fletching
27:45 Pikeman
28:29 Bodkin Arrow
28:51 Stone Mining
29:28 Scale Mail Armor
29:41 Masonry
29:30 Town Watch
31:03 Chain Mail Armor
31:22 Ballistics
32:23 Chemistry
32:08 Crenellations
32:30 Plate Mail Armor
32:25 Siege Engineers
32:54 Forging
33:07 Conscription
32:31 Onager
34:52 Iron Casting
34:54 Halberdier
37:15 Blast Furnace
37:56 Two-Man Saw
37:27 Crop Rotation
37:47 Hoardings
38:38 Arson
39:44 Guard Tower
40:26 Scale Barding Armor
41:30 Chain Barding Armor
43:28 Plate Barding Armor
43:37 Bloodlines
42:51 Cavalier
46:00 Paladin
Connection lost

Rejoining the realm…

Still unreachable

The connection could not be restored.

Session expired

The server has moved on; the page needs a fresh start.